 Dungeon Crawl Stone Soup version 0.17.2-1-ge4368a0 (webtiles) character file.

2405 Goblin1989 the Covert (level 9, 0/42 HPs)
             Began as a Vine Stalker Assassin on Sept 8, 2016.
             Was a Believer of Dithmenos.
             Slain by a killer bee (3 damage)
             ... on level 9 of the Dungeon.
             The game lasted 00:27:30 (2070 turns).

Goblin1989 the Covert (Vine Stalker Assassin)       Turns: 2070, Time: 00:27:30

Health: 0/42       AC:  4    Str: 14    XL:     9   Next: 47%
Magic:  0/10       EV: 12    Int: 11    God:    Dithmenos [**....]
Gold:   62         SH:  0    Dex: 20    Spells: 0 memorised, 8 levels left

rFire  . . .     SeeInvis .     b - +0 blowgun
rCold  . . .     Clarity  .     c - +0 robe
rNeg   . . .     SustAt   .     (no shield)
rPois  +         Gourm    .     v - +0 helmet
rElec  .         Spirit   +     d - +0 cloak
rCorr  .         Warding  .     h - +0 pair of gloves
rMut   .         Stasis   .     (no boots)
MR     +....                    (no amulet)
Stlth  ++++++....               m - +3 ring of dexterity
                                k - ring of poison resistance

@: lethally poisoned (0 -> 0), wreathed by umbra, somewhat resistant to hostile
enchantments, very stealthy
A: fangs 3, clumsy 1, deformed body, regeneration 2, magic shield, antimagic
bite, no device heal 3, rot immunity
a: Shadow Step, Renounce Religion


You were on level 9 of the Dungeon.
You worshipped Dithmenos.
Dithmenos was pleased with you.
You were hungry.

You visited 1 branch of the dungeon, and saw 9 of its levels.

You collected 62 gold pieces.

Inventory:

Hand Weapons
 a - a +2 dagger
 b - a +0 blowgun (weapon)
Missiles
 e - 17 poisoned needles (quivered)
 H - 2 curare-tipped needles
Armour
 c - a +0 robe (worn)
 d - a +0 cloak (worn)
 h - a +0 pair of gloves (worn)
 v - a +0 helmet (worn)
Jewellery
 k - a ring of poison resistance (left hand)
 m - a +3 ring of dexterity (right hand)
Wands
 z - a wand of confusion (11)
Scrolls
 f - 2 scrolls of fear {unknown}
 i - 3 scrolls of identify
 l - 2 scrolls of enchant weapon {unknown}
 q - 3 scrolls of fog
 s - a scroll of random uselessness {unknown}
 w - a scroll of recharging {unknown}
 y - 3 scrolls of noise {unknown}
 B - 2 scrolls of magic mapping {unknown}
 D - 3 scrolls of remove curse {unknown}
 F - 2 scrolls of teleportation {unknown}
 I - a scroll of enchant armour {unknown}
Potions
 j - 2 potions of brilliance {unknown}
 p - 3 potions of heal wounds
 u - a potion of curing {unknown}
 x - a potion of agility {unknown}
 A - 2 potions of invisibility {unknown}
 C - a potion of might {unknown}
 E - 2 potions of magic {unknown}
 J - a potion of poison {unknown}
 K - a potion of berserk rage {unknown}
Comestibles
 g - a bread ration
 n - a royal jelly
 o - 5 meat rations
 r - 2 beef jerkies
 t - 3 fruits
 G - a slice of pizza


   Skills:
 - Level 1.7 Fighting
 * Level 9.5 Short Blades
 - Level 1.7 Throwing
 - Level 0.7 Dodging
 + Level 10.4 Stealth


You had 8 spell levels left.
You didn't know any spells.

Dungeon Overview and Level Annotations

Branches:
Dungeon (9/15)             Temple (0/1) D:6
   Lair: D:8-11         Orc: D:9-12

Altars:
Dithmenos
Elyvilon
Qazlal

Shops:
D:7 (


Innate Abilities, Weirdness & Mutations

You have razor-sharp teeth.
You heal very quickly.
When hurt, damage is shared between your health and your magic reserves.
Your bite disrupts and absorbs the magic of your enemies.
Potions and wands cannot restore your health.
You are immune to rotting.
You are clumsy. (Dex -2)
Armour fits poorly on your strangely shaped body.


Message History

Okay, then.
The killer bee barely misses you. x2
There is an open door here.
The killer bee barely misses you. The killer bee stings you.
* * * LOW HITPOINT WARNING * * *
You take 2 damage, and have 11/42 hp.
You now have 4/10 mp.
The killer bee stings you!
* * * LOW HITPOINT WARNING * * *
You are poisoned.
The killer bee poisons you!
You take 6 damage, and have 5/42 hp.
You now have 2/10 mp.
You feel sick. The killer bee stings you.
* * * LOW HITPOINT WARNING * * *
You take 1 damage, and have 4/42 hp.
You now have 1/10 mp.
Evoke which item? (* to show all) (? for menu, Esc to quit)
Okay, then.
b - a +0 blowgun (weapon)
You feel sick. The killer bee stings you.
You die...

.........#
#.........###
.........+
#.....y...'.#
...[.....#
+.......).#..#
.........# #.........#
y..+ .........#
#.....y...# ###
...(.....# #.........#
...(.....# ######'####
.........# ####yyy#
##)####### #.@yy###
.)<# #.#### ########
####.###### .......#
###..........#
.......###..........8..
...........#...........
.......#####..........#
....(..# #..........#
..(....# #..........#


You could see 5 killer bees.

Vanquished Creatures
  Erolcha (D:9)
  3 hippogriffs
  2 sky beasts
  An orc warrior (D:8)
  A black bear (D:9)
  2 centaurs (D:9)
  An eye of draining (D:9)
  3 giant frogs
  A big kobold (D:9)
  2 scorpions
  A water moccasin skeleton (D:7)
  A crimson imp (D:8)
  A jelly (D:7)
  2 worker ants (D:8)
  An iguana (D:8)
  2 shadow imps
  4 adders
  An adder zombie (D:8)
  A worm (D:4)
  5 giant geckos
  17 orcs
  2 ball pythons
  8 bats
  A giant cockroach (D:5)
  3 goblins (D:1)
  2 hobgoblins
  3 jackals (D:3)
  10 kobolds
  3 quokkas
  3 giant newts
  A jackal skeleton (D:8)
  A quokka skeleton (D:7)
  4 rats
94 creatures vanquished.

Notes
Turn   | Place    | Note
--------------------------------------------------------------
     0 | D:1      | Goblin1989 the Vine Stalker Assassin began the quest for the Orb.
     0 | D:1      | Reached XP level 1. HP: 11/11 MP: 2/2
    76 | D:1      | Reached XP level 2. HP: 4/15 MP: 3/3
   194 | D:4      | Found a shadowy altar of Dithmenos.
   197 | D:4      | Reached skill level 5 in Stealth
   200 | D:4      | Became a worshipper of Dithmenos the Shadowed
   276 | D:2      | Reached XP level 3. HP: 16/18 MP: 4/4
   876 | D:2      | Reached XP level 4. HP: 23/23 MP: 5/5
   996 | D:4      | Noticed a phantom
  1038 | D:4      | Noticed a scorpion
  1048 | D:4      | Killed a scorpion
  1048 | D:4      | Reached skill level 6 in Stealth
  1048 | D:4      | Reached XP level 5. HP: 10/26 MP: 3/6
  1065 | D:5      | Entered Level 5 of the Dungeon
  1072 | D:5      | Noticed a sky beast
  1096 | D:5      | Reached * piety under Dithmenos
  1144 | D:5      | Killed a sky beast
  1144 | D:5      | Gained mutation: You heal very quickly. [Vine Stalker growth]
  1144 | D:5      | Reached XP level 6. HP: 11/30 MP: 7/7
  1163 | D:5      | Gained mutation: You are clumsy. (Dex -2) [mutagenic meat]
  1164 | D:5      | Gained mutation: Armour fits poorly on your strangely shaped body. [mutagenic meat]
  1250 | D:6      | Found a staircase to the Ecumenical Temple.
  1267 | D:6      | Reached skill level 5 in Short Blades
  1274 | D:6      | Reached skill level 7 in Stealth
  1296 | D:7      | Noticed a hippogriff
  1298 | D:7      | Killed a hippogriff
  1298 | D:7      | Reached XP level 7. HP: 28/34 MP: 8/8
  1299 | D:7      | Found Guerrulysch's Weapon Boutique.
  1459 | D:8      | Noticed a hippogriff
  1467 | D:8      | Killed a hippogriff
  1467 | D:8      | Reached skill level 8 in Stealth
  1546 | D:7      | Found a stormy altar of Qazlal.
  1630 | D:9      | Gained mutation: You have razor-sharp teeth. [Vine Stalker growth]
  1630 | D:9      | Reached XP level 8. HP: 38/38 MP: 9/9
  1644 | D:9      | Found a white marble altar of Elyvilon.
  1783 | D:8      | Reached ** piety under Dithmenos
  1872 | D:9      | Noticed a hippogriff
  1886 | D:9      | Killed a hippogriff
  1886 | D:9      | Reached skill level 9 in Stealth
  1982 | D:9      | Noticed Erolcha
  2001 | D:9      | Killed Erolcha
  2001 | D:9      | Reached skill level 10 in Stealth
  2001 | D:9      | Reached XP level 9. HP: 15/42 MP: 10/10
  2070 | D:9      | Slain by a killer bee

Action                   |  1- 3 |  4- 6 |  7- 9 || total
-------------------------+-------+-------+-------++-------
Melee: Dagger            |    94 |    92 |   130 ||   316
 Fire: Blowgun           |       |     4 |    24 ||    28
Evoke: Wand              |       |       |     4 ||     4
  Use: Scroll            |       |       |     2 ||     2
 Stab: Sleeping          |    11 |     4 |     8 ||    23
  Eat: Chunk             |       |     3 |     2 ||     5
